[ AOE2 MATCH · #508537775 ]
UnrankedKoreans vs Teutons
Player's team · LOSS
Rival team · WIN
[ REPLAY ANALYSIS · EXTRACTED FROM THE RECORDED GAME ]
Feudal
9:15
Castle
21:46
Imperial
38:17
| APM avg | 55.2 |
| APM peak | 90 |
| eAPM avg | 25.7 |
| Villagers / military | 235 / 119 |
Focus
⚔️ 23.1% · 🌾 76.9%
Archer ×88 · Monk ×17 · Trebuchet (Packed) ×7 · Bombard Cannon ×4 · Battering Ram ×3
Feudal
8:37
Castle
20:46
Imperial
38:58
| APM avg | 41.5 |
| APM peak | 79 |
| eAPM avg | 22.4 |
| Villagers / military | 168 / 217 |
Focus
⚔️ 35.8% · 🌾 64.2%
Knight ×213 · Trebuchet (Packed) ×3 · Monk ×1
Match map
Initial resources + every placement click. Lines = walls · curves = elevation contours. ◆ gold · ⬟ stone · ● berries · ✦ relic · ◌ wall gap
Your base· Open — unwalled flank
4Sea's base· Open — 1t gap
Smoothed initial terrain · ◌ = detected wall gap · hover for details
Inputs per minute
— Sekekama - - 4Sea
Build order — Sekekama
First 150 of 489 actions detected
| 0:00 | Queue | Villager (Male) |
| 0:01 | Queue | Villager (Male) |
| 0:01 | Queue | Villager (Male) |
| 0:04 | Build | House |
| 0:05 | Build | House |
| 0:10 | Queue | Villager (Male) |
| 1:27 | Queue | Villager (Male) |
| 1:28 | Queue | Villager (Male) |
| 1:57 | Build | Lumber Camp |
| 2:05 | Queue | Villager (Male) |
| 2:05 | Queue | Villager (Male) |
| 2:05 | Queue | Villager (Male) |
| 2:24 | Queue | Villager (Male) |
| 3:11 | Queue | Villager (Male) |
| 3:23 | Build | House |
| 3:29 | Queue | Villager (Male) |
| 3:51 | Queue | Villager (Male) |
| 3:51 | Queue | Villager (Male) |
| 4:13 | Queue | Villager (Male) |
| 4:55 | Queue | Villager (Male) |
| 4:59 | Build | Mill |
| 5:00 | Queue | Villager (Male) |
| 5:15 | Build | House |
| 5:27 | Queue | Villager (Male) |
| 5:28 | Queue | Villager (Male) |
| 5:28 | Queue | Villager (Male) |
| 5:41 | Queue | Villager (Male) |
| 6:04 | Research | Loom |
| 7:02 | Research | Feudal Age |
| 7:18 | Build | Lumber Camp |
| 7:27 | Build | Lumber Camp |
| 8:19 | Build | Barracks |
| 8:44 | Build | Mining Camp |
| 8:51 | Queue | Villager (Male) |
| 8:54 | Queue | Villager (Male) |
| 9:15 | Age | Feudal Age |
| 9:17 | Queue | Villager (Male) |
| 9:37 | Queue | Villager (Male) |
| 9:39 | Build | House |
| 9:40 | Queue | Villager (Male) |
| 9:42 | Build | House |
| 9:42 | Queue | Villager (Male) |
| 9:53 | Build | Mining Camp |
| 9:53 | Queue | Villager (Male) |
| 9:55 | Queue | Villager (Male) |
| 9:56 | Build | House |
| 9:57 | Build | House |
| 10:04 | Build | House |
| 10:10 | Build | House |
| 10:13 | Queue | Villager (Male) |
| 10:15 | Queue | Villager (Male) |
| 10:44 | Queue | Villager (Male) |
| 10:54 | Queue | Villager (Male) |
| 11:13 | Build | Stone Wall |
| 11:13 | Queue | Villager (Male) |
| 11:17 | Build | Watch Tower |
| 11:22 | Build | Stone Wall |
| 11:59 | Queue | Villager (Male) |
| 12:13 | Build | Archery Range |
| 12:30 | Queue | Villager (Male) |
| 12:33 | Build | Farm |
| 12:38 | Build | Farm |
| 12:42 | Build | Farm |
| 12:51 | Build | Outpost |
| 12:55 | Research | Town Watch |
| 12:56 | Queue | Villager (Male) |
| 13:04 | Build | Farm |
| 13:05 | Build | Farm |
| 13:09 | Queue | Villager (Male) |
| 13:13 | Queue | Archer |
| 13:13 | Queue | Archer |
| 13:13 | Queue | Archer |
| 13:18 | Queue | Villager (Male) |
| 13:22 | Build | Farm |
| 13:23 | Queue | Villager (Male) |
| 13:26 | Queue | Villager (Male) |
| 13:35 | Research | Double-Bit Axe |
| 13:35 | Research | Double-Bit Axe |
| 13:36 | Queue | Villager (Male) |
| 13:51 | Queue | Villager (Male) |
| 13:54 | Build | Farm |
| 14:02 | Queue | Villager (Male) |
| 14:12 | Build | Farm |
| 14:14 | Build | Farm |
| 14:24 | Queue | Villager (Male) |
| 14:43 | Queue | Archer |
| 14:43 | Queue | Archer |
| 14:50 | Build | Farm |
| 14:52 | Build | Farm |
| 14:59 | Queue | Archer |
| 15:20 | Queue | Villager (Male) |
| 15:29 | Queue | Villager (Male) |
| 15:30 | Build | Blacksmith |
| 15:50 | Queue | Villager (Male) |
| 15:57 | Research | Fletching |
| 16:26 | Build | House |
| 16:27 | Build | House |
| 16:33 | Research | Wheelbarrow |
| 17:05 | Build | Farm |
| 17:06 | Queue | Villager (Male) |
| 17:08 | Build | Farm |
| 17:10 | Queue | Villager (Male) |
| 17:13 | Build | Market |
| 17:28 | Queue | Villager (Male) |
| 17:47 | Build | Farm |
| 17:49 | Build | Farm |
| 17:51 | Build | Mill |
| 17:52 | Queue | Villager (Male) |
| 18:09 | Queue | Villager (Male) |
| 18:19 | Queue | Villager (Male) |
| 18:51 | Build | Watch Tower |
| 19:06 | Research | Castle Age |
| 19:12 | Build | Archery Range |
| 19:39 | Queue | Villager (Male) |
| 19:48 | Build | House |
| 19:49 | Build | House |
| 19:53 | Research | Gold Mining |
| 20:01 | Queue | Archer ×2 |
| 20:01 | Queue | Archer ×2 |
| 20:50 | Queue | Archer |
| 20:51 | Queue | Archer |
| 20:51 | Queue | Archer |
| 21:17 | Research | Horse Collar |
| 21:19 | Build | Farm |
| 21:23 | Queue | Archer |
| 21:23 | Queue | Archer |
| 21:24 | Queue | Archer |
| 21:25 | Queue | Archer |
| 21:46 | Age | Castle Age |
| 21:51 | Research | Crossbowman (upgrade) |
| 21:52 | Research | Bodkin Arrow |
| 21:52 | Queue | Villager (Male) |
| 21:55 | Build | Monastery |
| 21:57 | Queue | Villager (Male) |
| 21:59 | Build | Town Center |
| 22:05 | Queue | Villager (Male) |
| 22:20 | Queue | Monk |
| 22:20 | Queue | Monk |
| 22:25 | Queue | Villager (Male) |
| 22:33 | Queue | Villager (Male) |
| 22:36 | Build | Palisade Gate |
| 22:48 | Queue | Villager (Male) |
| 23:20 | Queue | Villager (Male) |
| 23:23 | Build | House |
| 23:23 | Build | House |
| 23:24 | Build | House |
| 23:29 | Research | Sanctity |
| 23:32 | Queue | Villager (Male) |
| 23:37 | Queue | Villager (Male) |
| 23:37 | Queue | Villager (Male) |
Build order — 4Sea
First 150 of 607 actions detected
| 0:01 | Queue | Villager (Male) |
| 0:02 | Queue | Villager (Male) |
| 0:03 | Build | House |
| 0:04 | Build | House |
| 0:10 | Queue | Villager (Male) |
| 0:11 | Queue | Villager (Male) |
| 1:29 | Queue | Villager (Male) |
| 2:01 | Queue | Villager (Male) |
| 2:01 | Queue | Villager (Male) |
| 2:30 | Queue | Villager (Male) |
| 2:30 | Queue | Villager (Male) |
| 2:37 | Build | House |
| 2:46 | Build | Lumber Camp |
| 3:13 | Queue | Villager (Male) |
| 3:36 | Queue | Villager (Male) |
| 4:19 | Queue | Villager (Male) |
| 4:19 | Queue | Villager (Male) |
| 5:06 | Queue | Villager (Male) |
| 5:17 | Build | Mining Camp |
| 5:34 | Queue | Villager (Male) |
| 5:36 | Research | Loom |
| 6:27 | Research | Feudal Age |
| 7:53 | Build | House |
| 8:11 | Queue | Villager (Male) |
| 8:14 | Build | House |
| 8:37 | Age | Feudal Age |
| 8:50 | Queue | Villager (Male) |
| 8:52 | Research | Double-Bit Axe |
| 9:05 | Queue | Villager (Male) |
| 9:09 | Build | Watch Tower |
| 9:10 | Queue | Villager (Male) |
| 10:05 | Build | Watch Tower |
| 10:08 | Queue | Villager (Male) |
| 10:13 | Build | Mill |
| 10:37 | Queue | Villager (Male) |
| 10:40 | Research | Town Watch |
| 10:50 | Queue | Villager (Male) |
| 10:58 | Build | Palisade Wall |
| 11:06 | Queue | Villager (Male) |
| 11:20 | Build | Barracks |
| 11:29 | Research | Horse Collar |
| 11:39 | Queue | Villager (Male) |
| 12:06 | Build | Mining Camp |
| 12:10 | Build | Farm |
| 12:11 | Build | Farm |
| 12:12 | Build | Farm |
| 12:13 | Build | Farm |
| 12:16 | Queue | Villager (Male) |
| 12:24 | Build | Palisade Wall |
| 12:27 | Build | Farm |
| 12:35 | Build | Palisade Wall |
| 12:49 | Queue | Villager (Male) |
| 12:49 | Queue | Villager (Male) |
| 12:52 | Build | Farm |
| 12:58 | Build | Palisade Wall |
| 13:01 | Queue | Villager (Male) |
| 13:08 | Build | House |
| 13:22 | Build | Farm |
| 13:47 | Build | Palisade Wall |
| 13:50 | Queue | Villager (Male) |
| 14:10 | Build | Farm |
| 14:16 | Queue | Villager (Male) |
| 14:28 | Build | Farm |
| 14:29 | Queue | Villager (Male) |
| 14:48 | Build | Watch Tower |
| 14:49 | Queue | Villager (Male) |
| 14:57 | Build | Farm |
| 15:01 | Build | House |
| 15:12 | Queue | Villager (Male) |
| 15:14 | Build | House |
| 15:28 | Build | Farm |
| 15:39 | Build | Farm |
| 16:00 | Queue | Villager (Male) |
| 16:30 | Queue | Villager (Male) |
| 16:47 | Queue | Villager (Male) |
| 16:49 | Build | Market |
| 17:00 | Queue | Villager (Male) |
| 17:23 | Build | Blacksmith |
| 18:06 | Research | Castle Age |
| 18:11 | Research | Fletching |
| 18:38 | Research | Stone Mining |
| 18:42 | Research | Gold Mining |
| 19:17 | Build | Stable |
| 19:47 | Build | Farm |
| 19:49 | Build | Farm |
| 19:55 | Build | Watch Tower |
| 20:17 | Research | Bloodlines |
| 20:43 | Queue | Villager (Male) |
| 20:46 | Age | Castle Age |
| 20:52 | Research | Bow Saw |
| 20:54 | Queue | Villager (Male) |
| 21:03 | Queue | Knight |
| 21:16 | Queue | Villager (Male) |
| 21:32 | Build | University |
| 21:37 | Queue | Knight |
| 21:38 | Queue | Villager (Male) |
| 21:41 | Build | House |
| 21:58 | Research | Scale Barding Armor |
| 22:07 | Build | Lumber Camp |
| 22:20 | Queue | Villager (Male) |
| 22:28 | Queue | Knight |
| 22:39 | Queue | Villager (Male) |
| 22:58 | Build | Town Center |
| 23:00 | Queue | Knight |
| 23:04 | Queue | Villager (Male) |
| 23:07 | Build | House |
| 23:11 | Build | Lumber Camp |
| 23:27 | Queue | Villager (Male) |
| 23:47 | Research | Wheelbarrow |
| 23:52 | Build | House |
| 23:55 | Build | House |
| 24:05 | Queue | Knight |
| 24:26 | Research | Guard Tower (upgrade) |
| 24:35 | Build | House |
| 24:39 | Queue | Villager (Male) |
| 24:52 | Build | Stable |
| 24:55 | Queue | Villager (Male) |
| 25:21 | Queue | Villager (Male) |
| 25:36 | Build | Watch Tower |
| 25:38 | Build | Mining Camp |
| 25:40 | Queue | Knight |
| 25:53 | Build | Farm |
| 25:53 | Build | Farm |
| 25:55 | Build | Farm |
| 25:57 | Build | Farm |
| 25:59 | Build | Farm |
| 25:59 | Build | Farm |
| 26:01 | Queue | Villager (Male) |
| 26:05 | Queue | Knight |
| 26:06 | Queue | Knight |
| 26:25 | Queue | Villager (Male) |
| 26:47 | Queue | Knight |
| 26:55 | Queue | Villager (Male) |
| 27:03 | Queue | Knight |
| 27:17 | Build | Town Center |
| 27:25 | Queue | Knight |
| 27:26 | Queue | Villager (Male) |
| 27:26 | Queue | Villager (Male) |
| 27:30 | Build | Farm |
| 27:30 | Build | Farm |
| 27:31 | Build | Farm |
| 27:32 | Build | Farm |
| 27:32 | Build | Farm |
| 27:38 | Build | Farm |
| 27:40 | Build | Farm |
| 27:40 | Build | Farm |
| 27:43 | Queue | Villager (Male) |
| 27:48 | Build | Farm |
| 27:49 | Build | Farm |
| 28:02 | Queue | Knight |
Match timeline
| 8:19 | Sekekama · first_building Barracks |
| 8:37 | 4Sea · age_up feudal |
| 9:15 | Sekekama · age_up feudal |
| 10:58 | 4Sea · wall_segment Palisade Wall x8 |
| 11:13 | Sekekama · wall_segment Stone Wall x7 |
| 11:20 | 4Sea · first_building Barracks |
| 11:22 | Sekekama · wall_segment Stone Wall x8 |
| 12:13 | Sekekama · first_building Archery Range |
| 12:24 | 4Sea · wall_segment Palisade Wall x9 |
| 12:35 | 4Sea · wall_segment Palisade Wall x11 |
| 12:58 | 4Sea · wall_segment Palisade Wall x9 |
| 13:47 | 4Sea · wall_segment Palisade Wall x9 |
| 18:02 | Sekekama · first_market_buy 100 food |
| 19:17 | 4Sea · first_building Stable |
| 20:46 | 4Sea · age_up castle |
| 21:46 | Sekekama · age_up castle |
| 21:55 | Sekekama · first_building Monastery |
| 30:12 | Sekekama · first_building Castle |
| 31:44 | Sekekama · first_building Siege Workshop |
| 34:03 | 4Sea · first_building Monastery |
| 35:33 | 4Sea · first_market_buy 100 food |
| 35:35 | 4Sea · first_market_sell 100 wood |
| 37:49 | 4Sea · first_building Castle |
| 38:17 | Sekekama · age_up imperial |
| 38:34 | Sekekama · first_market_sell 100 food |
| 38:58 | 4Sea · age_up imperial |
| 39:54 | Sekekama · wall_segment Palisade Wall x3 |
| 54:32 | Sekekama · resign |
[ AI ANALYSIS · 1 CREDIT ]
What really happened in this match?
Wolo.gg analyzes every decision: build order, eco, micro, common mistakes by bracket. Personalized analysis on WhatsApp or Discord in 30 seconds.
Civ guide
Koreans
Perfil
Sekekama